 Dungeon Crawl Stone Soup version 0.29.0-7-g18a832c13a (webtiles) character file.

Game seed: 17251311394950501835

39 Strat the Cutter (level 3, 0/21 HPs)
             Began as a Kobold Warper on Aug 30, 2022.
             Was a Follower of Vehumet.
             Slain by an orc
             ... wielding a +0 whip
              (5 damage)
             ... on level 2 of the Dungeon.
             The game lasted 00:03:11 (674 turns).

Strat the Cutter (Kobold Warper)                     Turns: 674, Time: 00:03:12

Health: 0/21       AC:  3    Str:  8    XL:     3   Next: 70%
Magic:  6/6        EV: 14    Int: 14    God:    Vehumet [*.....]
Gold:   33         SH:  0    Dex: 16    Spells: 6/6 levels left

rFire   . . .      SeeInvis .   a - +0 short sword
rCold   . . .      Faith    .   (no shield)
rNeg    . . .      Spirit   .   b - +0 leather armour
rPois   .          Reflect  .   (no helmet)
rElec   .          Harm     .   (no cloak)
rCorr   .          Rampage  .   (no gloves)
Will    .....                   (no boots)
Stlth   +++.......              (no amulet)
HPRegen 0.07/turn               (no ring)
MPRegen 0.10/turn               (no ring)

@: no status effects
A: small, no large weapons, nightstalker 3
a: Renounce Religion


You were on level 2 of the Dungeon.
You worshipped Vehumet.
Vehumet was aware of your devotion.
You visited 1 branch of the dungeon, and saw 3 of its levels.

You collected 33 gold pieces.

Inventory:

Hand Weapons
 a - a +0 short sword (weapon)
Missiles
 d - 7 boomerangs of dispersal (quivered)
 f - 4 poisoned darts
Armour
 b - a +0 leather armour (worn)
Scrolls
 c - a scroll of blinking
 e - a scroll of fear {unknown}
 h - a scroll of vulnerability {unknown}
 i - a scroll of butterflies {unknown}
 j - a scroll of brand weapon {unknown}
Potions
 g - 2 potions of curing {unknown}
 k - a potion of degeneration {unknown}


   Skills:
 - Level 2.1 Fighting
 + Level 4.0 Short Blades
 - Level 1.1 Throwing
 - Level 0.7 Armour
 - Level 2.4 Dodging
 + Level 3.0 Stealth
 - Level 2.1 Spellcasting
 - Level 3.0 Translocations


You had 6 spell levels left.
You didn't know any spells.
Your spell library contained the following spells:

 Spells                   Type           Power      Damage    Failure   Level
 Freeze                   Ice            4%         1d3       32%         1
 Blink                    Tloc           18%        N/A       14%         2
 Gell's Gravitas          Tloc           9%         N/A       28%         3
 Lesser Beckoning         Tloc           9%         N/A       28%         3
 Teleport Other           Tloc           9%         N/A       28%         3
 Manifold Assault         Tloc           9%         N/A       95%         5


Dungeon Overview and Level Annotations

Branches:
Dungeon (3/15)

Altars:
Makhleb
Vehumet


Innate Abilities, Weirdness & Mutations

You are small and have problems with some larger weapons.
You are completely attuned to the shadows.


Message History

You see here a quokka corpse.
You see here a quokka corpse.
There is an open door here.
You see here an adder corpse.
Found an escape hatch in the ceiling.
You open the door.
There is an open door here.
Found 10 gold pieces.
Found a burning altar of Makhleb.
There is a burning altar of Makhleb here.
You now have 33 gold pieces (gained 10).
There is an escape hatch in the ceiling here.
There is a stone staircase leading down here.
You climb downwards.
Found a plate armour.
There is a stone staircase leading up here.
An orc comes into view. It is wielding a +0 club.
The helpless endoplasm fails to defend itself.
You puncture the endoplasm!
You kill the endoplasm!
Vehumet accepts your kill.
Your Stealth skill increases to level 3!
An orc and an orc priest come into view.
The orc priest shouts!
The orc shouts!
You hear a shout!
You hear an angry hiss.
An orc priest comes into view.
It is wielding a +0 short sword and wearing a +2 leather armour of poison resistance.
The orc hits you with a +0 club.
You hit the orc but do no damage. The orc misses you.
The orc attacks as you move away! The orc hits you but does no damage.
There is a stone staircase leading up here.
The orc misses you.
The orc priest mumbles some strange prayers to Beogh against you.
Beogh smites you!
* * * LOW HITPOINT WARNING * * *
You hear an angry hiss.
You climb upwards.
There is a stone staircase leading down here.
You hit the orc.
The orc is heavily wounded.
The orc hits you with a +0 whip.
You die...

#.######.# #.#....#.#
#.#..)...# #.####.###
#.# #.# #.# #.# #.#
#.# ########### #.#
##.#####........†.
#.###@................
#...#.o#####.#########
########.#..#####.#
#........#........#
#.######.#..####..#
#.#......#..# #..##
###.#....#.#..#
##..#### #<..#
#....#..# #.....#####
##..#.##.###..#
#.###......


You could see an orc.

Vanquished Creatures
  2 adders (D:2)
  3 endoplasms
  2 hobgoblins (D:1)
  3 kobolds
  2 quokkas
  2 ball pythons (D:1)
  2 bats (D:1)
  A frilled lizard (D:2)
  2 goblins (D:1)
  2 rats (D:2)
21 creatures vanquished.

Notes
Turn   | Place    | Note
-------+----------+-------------------------------------------
     0 | D:1      | Strat the Kobold Warper began the quest for the Orb.
     0 | D:1      | Reached XP level 1. HP: 12/12 MP: 3/3
    43 | D:1      | Reached skill level 3 in Short Blades
    43 | D:1      | Reached skill level 1 in Stealth
   161 | D:1      | Reached XP level 2. HP: 8/17 MP: 5/5
   273 | D:1      | Found a faded altar of an unknown god.
   278 | D:1      | Prayed at the altar of an unknown god.
   278 | D:1      | Became a worshipper of Vehumet
   278 | D:1      | Reached * piety under Vehumet
   278 | D:1      | Offered knowledge of Freeze by Vehumet.
   454 | D:2      | Reached XP level 3. HP: 10/21 MP: 6/6
   564 | D:2      | Reached skill level 4 in Short Blades
   629 | D:2      | Found a burning altar of Makhleb.
   674 | D:2      | Slain by an orc

Illustrated notes

Levels and vault maps discovered:
D:1:      eino_arrival_tree_alley, layout_rooms,
          chequers_ecumenical_altar_simple_redux
D:2:      minmay_door_path, layout_basic, basic_altar
D:3:      layout_basic, nemelex_spade_bored_becter

Skill      XL: |  1  2  3 |
---------------+----------+-----
Short Blades   | 3 4 |  4.0
Stealth        | 1 2 3 |  3.0
Fighting       | |  2.1
Throwing       | |  1.1
Armour         | |  0.7
Dodging        | |  2.4
Spellcasting   | |  2.1
Translocations | |  3.0

Action                   || total
-------------------------++-------
Melee: Short sword       ||    84
 Stab: Sleeping          ||    10
       Distracted        ||     1
Armor: Leather armour    ||    13
Dodge: Dodged            ||    47
